 Dungeon Crawl Stone Soup version 0.28-a0-1638-g9123634e07 (webtiles) character file.

Game seed: 2554667952401617630

780 issech the Cudgeller (level 7, -39/63 HPs)
             Began as a Troll Monk on Jan 25, 2022.
             Was a Believer of Hepliaklqana.
             Annihilated by a boulder beetle (49 damage)
             ... on level 7 of the Dungeon.
             The game lasted 00:15:17 (4032 turns).

issech the Cudgeller (Troll Monk)                   Turns: 4032, Time: 00:15:18

Health: -39/63     AC:  6    Str: 20    XL:     7   Next: 55%
Magic:  6/6        EV:  9    Int:  6    God:    Hepliaklqana [**....]
Gold:   240        SH:  9    Dex: 14    Spells: 6/6 levels left

rFire   + + .      SeeInvis .   q - +3 mace (vorpal)
rCold   + + .      Faith    .   e - +2 shield of Resistance {rF++ rC++ Will++}
rNeg    . . .      Spirit   .   b - +0 robe
rPois   .          Reflect  .   (helmet restricted)
rElec   .          Harm     .   t - +1 cloak
rCorr   .          Rampage  .   (gloves unavailable)
Will    ++...                   (boots unavailable)
Stlth   ++........              (no amulet)
HPRegen 1.00/turn               u - ring of wizardry
MPRegen 0.10/turn               (no ring)

@: no status effects
A: reduced essence, large, unfitting armour, claws 3, regeneration 1, shaggy fur
1, tough skin 1
a: Renounce Religion, Recall Ancestor, Ancestor Identity


You were on level 7 of the Dungeon.
You worshipped Hepliaklqana.
Hepliaklqana was pleased with you.
You visited 2 branches of the dungeon, and saw 6 of its levels.

You collected 240 gold pieces.

Inventory:

Hand Weapons
 a - a +0 mace
 g - a +2 vampiric dagger
 o - a +2 vampiric short sword
 q - a +3 vorpal mace (weapon)
 z - a +0 halberd
 A - a +1 whip of flaming
Missiles
 c - 144 stones (quivered)
 m - 44 arrows
 y - 8 poisoned darts
 B - 22 bolts
 C - 21 sling bullets
 E - 3 curare-tipped darts
Armour
 b - a +0 robe (worn)
 e - the +2 shield of Resistance (worn) {rF++ rC++ Will++}
   (You acquired it on level 4 of the Dungeon)

   rF:        It greatly protects you from fire.
   rC:        It greatly protects you from cold.
   Will:      It greatly increases your willpower.
 r - a +1 pair of boots of stealth
 t - a +1 cloak (worn)
Magical Staves
 v - a staff of air
Jewellery
 u - a ring of wizardry (left claw)
Wands
 D - a wand of polymorph (3)
 F - a wand of iceblast (7)
Scrolls
 h - 4 scrolls of enchant weapon
 k - 2 scrolls of teleportation
 n - 2 scrolls of magic mapping
 p - a scroll of brand weapon
 s - a scroll of torment
 x - a scroll of noise {unknown}
Potions
 d - a potion of flight {unknown}
 f - a potion of degeneration {unknown}
 i - 3 potions of haste {unknown}
 j - 2 potions of brilliance {unknown}
 l - 2 potions of curing
 w - 2 potions of heal wounds {unknown}


   Skills:
 + Level 4.2 Fighting
 + Level 1.3 Short Blades
 + Level 5.6 Maces & Flails
 + Level 3.9 Dodging
 + Level 1.4 Stealth
 + Level 1.0 Shields


You had 6 spell levels left.
You didn't know any spells.
Your spell library contained the following spells:

 Spells                   Type           Power      Damage    Failure   Level
 Scorch                   Fire           0%         2d5       58%         2
 Flame Wave               Conj/Fire      0%         2d4       99%         4
 Summon Cactus Giant      Summ           0%         N/A       100%        6


Dungeon Overview and Level Annotations

Branches:
Dungeon (4/15)             Temple (1/1) D:4

Altars:
Cheibriados
Dithmenos
Elyvilon
Fedhas
Gozag
Hepliaklqana
Kikubaaqudgha
Makhleb
Nemelex Xobeh
Okawaru
Qazlal
Ru
Sif Muna
Trog
Vehumet
Wu Jian
Xom
Yredelemnul
Zin
The Shining One


Innate Abilities, Weirdness & Mutations

Your life essence is reduced to manifest your ancestor. (-10% HP)
You are too large for most types of armour.
You have claws for hands.
Your natural rate of healing is unusually fast.
You are covered in fur. (AC +1)
You have tough skin. (AC +1)


Message History

The boulder beetle bites you.
You hit the boulder beetle but do no damage.
The boulder beetle waves its antennae.
The boulder beetle bites you.
You hit the boulder beetle but do no damage.
The boulder beetle bites you!! The boulder beetle bites you!
* * * LOW HITPOINT WARNING * * *
You barely miss the boulder beetle. You block the boulder beetle's attack.
A centaur skeleton comes into view.
The boulder beetle waves its antennae.
A black bear comes into view.
You block the boulder beetle's attack.
The boulder beetle curls into a ball and begins rolling!
The boulder beetle barely misses you.
The boulder beetle stops rolling and uncurls.
You block the centaur skeleton's attack. x2
The black bear misses you. The black bear barely misses you.
The black bear claws you but does no damage.
The boulder beetle curls into a ball and begins rolling!
The black bear bites you but does no damage.
The black bear completely misses you.
The black bear claws you but does no damage.
The centaur skeleton hits you but does no damage.
The centaur skeleton kicks you.
The centaur skeleton closely misses you.
The centaur skeleton kicks you but does no damage.
The boulder beetle hits you!
The boulder beetle stops rolling and uncurls.
Found a stone staircase leading down.
The boulder beetle bites you!
* * * LOW HITPOINT WARNING * * *
An ogre comes into view. It is wielding a +0 giant club.
The ogre moves out of view.
A sky beast comes into view.
Found a throwing net.
The boulder beetle curls into a ball and begins rolling!
You block the centaur skeleton's attack.
The centaur skeleton completely misses you.
The boulder beetle hits you!!!
Ouch! That really hurt!
You die...

#.... $ #.... ### .##....
####(.# ..#.##. ..#8..8###
#.#.##.
#...>.Y..#############.#.##.
#........^.........##.#.##.
#8.. #............##.#.##)
#..##O.B@................
#...○Z..............##.
#..°.h..............##.
#..............####.##.
#..............# #.##.
#..............# #.##.
#..............# #..#.
#......[.......# ##.#.
#..............#


You could see a boulder beetle (rolling), a black bear, a sky beast (asleep), an
ogre and a centaur skeleton.

Vanquished Creatures
  Grinder (D:4)
  A phantom (D:4)
  A kobold brigand (D:7)
  A jelly (D:4)
  An orc priest (D:3)
  A bullfrog skeleton (D:4)
  Jessica (D:2)
  Terence (D:2)
  2 orc wizards (D:4)
  7 gnolls (D:4)
  6 adders
  An ufetubus (D:4)
  An adder skeleton (D:4)
  3 dart slugs
  9 orcs
  7 ball pythons
  9 endoplasms
  3 giant cockroaches
  6 goblins
  5 hobgoblins
  14 jackals
  3 quokkas
  3 bats (D:2)
  5 frilled lizards
  15 kobolds
  3 rats
110 creatures vanquished.

Vanquished Creatures (collateral kills)
  A jackal (D:4)
1 creature vanquished.

Grand Total: 111 creatures vanquished

Notes
Turn   | Place    | Note
-------+----------+-------------------------------------------
     0 | D:1      | issech the Troll Monk began the quest for the Orb.
     0 | D:1      | Reached XP level 1. HP: 22/22 MP: 0/0
   150 | D:1      | Found a faded altar of an unknown god.
   177 | D:1      | Reached skill level 3 in Maces & Flails
   177 | D:1      | Reached XP level 2. HP: 29/29 MP: 1/1
   664 | D:1      | Reached XP level 3. HP: 36/36 MP: 2/2
   880 | D:2      | Noticed Terence
   943 | D:2      | Killed Terence
   944 | D:2      | Reached XP level 4. HP: 21/44 MP: 3/3
  1141 | D:2      | Reached skill level 1 in Short Blades
  1156 | D:2      | Noticed Jessica
  1164 | D:2      | Killed Jessica
  1432 | D:2      | Found a glowing golden altar of the Shining One.
  1635 | D:3      | Reached XP level 5. HP: 52/53 MP: 4/4
  2077 | D:3      | Reached skill level 4 in Maces & Flails
  2307 | D:4      | Identified a scroll of acquirement
  2307 | D:4      | Acquired the +2 shield of Resistance {rF++ rC++ Will++}
  2307 | D:4      | Found the +2 shield of Resistance {rF++ rC++ Will++}
  2457 | D:4      | Noticed a phantom
  2468 | D:4      | Killed a phantom
  2469 | D:4      | Reached XP level 6. HP: 52/62 MP: 5/5
  2828 | D:4      | Noticed Grinder
  2886 | D:4      | Killed Grinder
  2887 | D:4      | Reached skill level 5 in Maces & Flails
  2887 | D:4      | Reached XP level 7. HP: 70/70 MP: 6/6
  2912 | D:4      | Found a staircase to the Ecumenical Temple.
  3116 | Temple   | Entered the Ecumenical Temple
  3419 | Temple   | Became a worshipper of Hepliaklqana the Forgotten
  3419 | Temple   | Reached * piety under Hepliaklqana
  3419 | Temple   | Reached ** piety under Hepliaklqana
  3431 | Temple   | Remembered your ancestor Bozena as a battlemage
  3745 | D:4      | You fall into a shaft and drop 3 floors!
  3844 | D:7      | Reached skill level 1 in Shields
  4004 | D:7      | Noticed a boulder beetle
  4032 | D:7      | Annihilated by a boulder beetle

Illustrated notes

Levels and vault maps discovered:
D:1:      dpeg_arrival_castle, layout_loops_ring,
          hellmonk_ecumenical_altar_lost_god
D:2:      minmay_alternating_diamond, layout_loops_ring, basic_altar,
          minmay_liquid_box, uniq_terence, uniq_jessica
D:3:      layout_loops_cross
D:4:      layout_loops_corners, minmay_temple_entry_arrows, amethyst_killhole,
          uniq_grinder
D:7:      layout_basic, st_stairs_6, minmay_misc_feat_nine_boxes
Temple:   mainiacjoe_temple_cubbyholes

Skill      XL: |  1  2  3  4  5  6  7 |
---------------+----------------------+-----
Maces & Flails | 3 4 5 |  5.6
Dodging        | 3 |  3.9
Fighting       | 3 4 |  4.2
Short Blades   | 1 |  1.3
Shields        | 1 |  1.0
Stealth        | |  1.4

Action                   |  1- 3 |  4- 6 |  7- 9 || total
-------------------------+-------+-------+-------++-------
Melee: Mace              |    83 |   184 |    40 ||   307
       Short sword       |    45 |       |       ||    45
Invok: Ancestor Life: Ba |       |       |     1 ||     1
  Use: Scroll            |       |     6 |     1 ||     7
 Stab: Sleeping          |       |     1 |     2 ||     3
Armor: Robe              |    53 |    66 |    24 ||   143
Dodge: Dodged            |    75 |    90 |    19 ||   184
Block: Kite shield       |       |    26 |    25 ||    51

Table legend: (Time is in decaauts)
 A = Elapsed time spent in this place.
 B = Non-inter-level travel time spent in this place.
 C = Inter-level travel time spent in this place.
 D = Time resting spent in this place.
 E = Time spent auto-exploring this place.
 F = Levels seen in this place.
 G = Mean time per level.
                   A        B        C        D        E       F      G
               +--------+--------+--------+--------+--------+-----+--------+
         Total |   4116 |   4077 |     39 |    108 |   2032 |   6 |  686.0 |
       Dungeon |   3747 |   3708 |     39 |    108 |   1746 |   5 |  749.4 |
        Temple |    368 |    368 |      0 |      0 |    286 |   1 |  368.0 |
               +--------+--------+--------+--------+--------+-----+--------+

Top non-repeatable levels by time:
     D:4: 1135 daAuts
     D:1: 863 daAuts
     D:2: 804 daAuts
     D:3: 652 daAuts
  Temple: 368 daAuts
     D:7: 292 daAuts
